 Dungeon Crawl Stone Soup version 0.19.4-25-g1b72edd (webtiles) character file.

413 vatarom the Zephyrmancer (level 6, -2/32 HPs)
             Began as a Tengu Air Elementalist on Feb 28, 2017.
             Slain by an ice beast (14 damage)
             ... on level 5 of the Dungeon.
             The game lasted 00:10:54 (5311 turns).

vatarom the Zephyrmancer (Tengu Air Elementalist)   Turns: 5311, Time: 00:10:54

Health: -2/32      AC:  3    Str:  9    XL:     6   Next: 91%
Magic:  1/10       EV: 12    Int: 17    God:
Gold:   281        SH:  0    Dex: 14    Spells: 4 memorised, 1 level left

rFire  . . .     SeeInvis .     u - +2 falchion (holy)
rCold  . . .     Gourm    .     a - +0 robe
rNeg   . . .     Faith    .     (no shield)
rPois  .         Spirit   .     (helmet restricted)
rElec  .         Reflect  .     (no cloak)
rCorr  .         Harm     .     g - +0 pair of gloves
MR     +....                    (boots unavailable)
Stlth  ++........               (no amulet)
                                (no ring)
                                o - ring of protection from magic

@: very slightly contaminated, repel missiles
A: beak, talons 3, able to fly 1
a: Fly


You were on level 5 of the Dungeon.
You were not hungry.

You visited 1 branch of the dungeon, and saw 5 of its levels.

You collected 281 gold pieces.

Inventory:

Hand Weapons
 u - a +2 falchion of holy wrath (weapon)
Armour
 a - a +0 robe (worn)
 g - a +0 pair of gloves (worn)
Jewellery
 o - a ring of protection from magic (left hand)
Wands
 p - a wand of lightning (6/15)
Scrolls
 f - 2 scrolls of teleportation
 h - a scroll of enchant weapon
 s - a scroll of amnesia
Potions
 d - 3 potions of curing
 e - a potion of heal wounds
 i - a potion of flight
 j - a potion of haste
 l - a potion of agility
 m - a potion of magic
 q - 2 potions of cure mutation {unknown}
 t - a potion of brilliance
Books
 b - a book of Air

   Spells                             Type                      Level
   a - Shock                          Conjuration/Air              1
   b - Swiftness                      Charms/Air                   2
   c - Repel Missiles                 Charms/Air                   2
   d - Static Discharge               Conjuration/Air              3
   e - Lightning Bolt                 Conjuration/Air              5
Comestibles
 c - a meat ration
 k - a slice of pizza
 n - a bread ration
 r - a beef jerky


   Skills:
 + Level 0.0 Fighting
 - Level 2.1 Dodging
 - Level 2.0 Stealth
 + Level 0.2 Unarmed Combat
 - Level 2.0 Spellcasting
 - Level 1.3 Conjurations
 - Level 9.8 Air Magic


You had one spell level left.
You knew the following spells:

 Your Spells              Type           Power        Failure   Level  Hunger
a - Shock                 Conj/Air       ###.         1%          1    #......
b - Repel Missiles        Chrm/Air       ###...       4%          2    ###....
c - Swiftness             Chrm/Air       ###.....     4%          2    ###....
d - Static Discharge      Conj/Air       ###.....     8%          3    ###....


Dungeon Overview and Level Annotations

Branches:
Dungeon (5/15)
 Temple: D:4-7

Altars:
Qazlal


Innate Abilities, Weirdness & Mutations

You have a beak for a mouth.
You have claws for feet.
You can fly.


Message History

You hit the ice beast.
The ice beast is severely wounded.
Casting: Static Discharge
Confirm with . or Enter, or press ? or * to list all spells.
Aiming: Shock
Press: ? - help, Shift-Dir - straight line, f/p - centaur
Aim: a centaur, wielding a shortbow (severely wounded)
The zap misses the ice beast.
The zap hits the centaur.
The centaur is almost dead.
The ice beast barely misses you.
You riposte.
You closely miss the ice beast.
The ice beast is severely wounded.
Unknown command.
You hit the ice beast.
The ice beast is severely wounded.
The ice beast closely misses you.
The ice beast hits you but does no damage.
You hit the ice beast but do no damage.
The ice beast is severely wounded.
The ice beast hits you. The ice beast freezes you!
You die...

######## #....(.# .
#......#
....####......###########
......cY@.....'......>...
#.....##......#######....
#.... ######## #.... #...
#.... ... #.... .. #....
. ##... #... ..######.†.


You could see an ice beast and a centaur.

Vanquished Creatures
  Blork the orc (D:4)
  An orc priest (D:4)
  Ijyb (D:3)
  Terence (D:3)
  An iguana (D:5)
  A worker ant (D:3)
  4 adders
  7 gnolls
  2 oozes (D:1)
  An adder skeleton (D:4)
  5 worms
  5 dart slugs
  3 leopard geckos
  6 orcs (D:4)
  2 ball pythons
  3 bats
  4 giant cockroaches
  11 goblins
  4 hobgoblins (D:2)
  5 jackals
  2 quokkas
  6 frilled lizards
  7 kobolds
  7 rats
90 creatures vanquished.

Notes
Turn   | Place    | Note
-------+----------+-------------------------------------------
     0 | D:1      | vatarom the Tengu Air Elementalist began the quest for the Orb.
     0 | D:1      | Reached XP level 1. HP: 10/10 MP: 4/4
   151 | D:1      | Reached XP level 2. HP: 15/15 MP: 1/6
   234 | D:1      | Reached skill level 5 in Air Magic
   507 | D:1      | Learned a level 2 spell: Repel Missiles
   510 | D:1      | Learned a level 2 spell: Swiftness
   753 | D:2      | Reached XP level 3. HP: 19/19 MP: 5/7
  1136 | D:2      | Reached skill level 6 in Air Magic
  1377 | D:2      | Reached XP level 4. HP: 17/24 MP: 1/8
  2078 | D:2      | Found a stormy altar of Qazlal.
  2330 | D:3      | Noticed Ijyb
  2574 | D:3      | Killed Ijyb
  2574 | D:3      | Reached skill level 7 in Air Magic
  2574 | D:3      | Gained mutation: You can fly. [Tengu growth]
  2574 | D:3      | Reached XP level 5. HP: 18/28 MP: 0/9
  2692 | D:3      | Learned a level 3 spell: Static Discharge
  2712 | D:3      | Noticed Terence
  2723 | D:3      | Killed Terence
  2911 | D:3      | Reached skill level 8 in Air Magic
  4292 | D:4      | Reached XP level 6. HP: 32/32 MP: 6/10
  4461 | D:4      | Reached skill level 9 in Air Magic
  4651 | D:4      | Noticed Blork the orc
  4664 | D:4      | Killed Blork the orc
  4954 | D:5      | Entered Level 5 of the Dungeon
  5300 | D:5      | Noticed an ice beast
  5311 | D:5      | Slain by an ice beast

Skill      XL: |  1  2  3  4  5  6 |
---------------+-------------------+-----
Air Magic      | 5 6 7 8 9 |  9.8
Dodging        | |  2.1
Stealth        | |  2.0
Unarmed Combat | |  0.2
Spellcasting   | |  2.0
Conjurations   | |  1.3

Action                   |  1- 3 |  4- 6 || total
-------------------------+-------+-------++-------
Melee: Unarmed           |     6 |       ||     6
       Peck              |     7 |    16 ||    23
       Dagger            |    39 |    56 ||    95
       Kick              |    11 |    14 ||    25
       Whip              |       |    13 ||    13
       Mace              |       |     7 ||     7
       Falchion          |       |     7 ||     7
 Cast: Shock             |    52 |   115 ||   167
       Static Discharge  |       |    11 ||    11
       Repel Missiles    |       |     1 ||     1
  Use: Scroll            |     7 |     4 ||    11
       Potion            |     3 |     1 ||     4
 Stab: Sleeping          |       |     7 ||     7
  Eat: Bread ration      |     1 |     1 ||     2
       Meat ration       |       |     2 ||     2
       Chunk             |       |     3 ||     3
Armor: Robe              |     6 |    15 ||    21
Dodge: Dodged            |    42 |    72 ||   114
       Rpst.: Falchion   |       |     7 ||     7
